[Event "Late-Titled-Tuesday-Blitz-February-20-2024"]
[Site "Chess.com"]
[Date "2024.02.20"]
[Round "4"]
[White "koncheto"]
[Black "Horokoskii"]
[Result "1-0"]
[WhiteElo "2415"]
[BlackElo "2114"]
[TimeControl "180+1"]
[EndTime "14:34:29 PST"]
[Termination "koncheto won by resignation"]

1. e4 c5 2. Nf3 d6 3. d4 cxd4 4.
Nxd4 Nf6 5. f3 g6 6. c4 Bg7 7. Nc3 O-O 8. Be3 Nc6 9. Be2 a6 10. O-O Nd7 11. Nc2 Rb8 12. Qd2 Re8 13. Rfd1 b5 14.
cxb5 axb5 15. Bxb5 Nce5 16. Rac1 Qa5 17. b4 Qc7 18.
Nd4 Nc4 19. Bxc4 Qxc4 20. Ncb5 1-0

[Event "Late-Titled-Tuesday-Blitz-February-20-2024"]
[Site "Chess.com"]
[Date "2024.02.20"]
[Round "4"]
[White "aghasiyevkamal"]
[Black "MajorCoast"]
[Result "1-0"]
[WhiteElo "2635"]
[BlackElo "2208"]
[TimeControl "180+1"]
[EndTime "14:34:37 PST"]
[Termination "aghasiyevkamal won by checkmate"]

1. d4 g6 2. c4 Bg7 3. Nc3 c5 4. e3 cxd4 5. exd4 Nf6 6. d5 O-O 7. Nf3 e6 8. Be2 a5 9. O-O Na6 10. Bf4 Nc5 11. Bd6 Nce4 12. Bxf8 Qxf8 13. Nxe4 Nxe4 14.
Qc2 exd5 15. cxd5 Qb4 16. a3 Qxb2 17. Qxe4 d6 18. Qe8+ Bf8 19. Rac1 Bh3 20. Qxa8 Bxg2 21. Kxg2 Qxe2 22. Rc8 Qxf3+ 23. Kxf3 g5 24. Rxf8+ Kg7 25. Re1 g4+ 26. Kxg4 h5+ 27. Kf5 b5 28. Rg1+ Kh6 29. Rh8# 1-0

[Event "Late-Titled-Tuesday-Blitz-February-20-2024"]
[Site "Chess.com"]
[Date "2024.02.20"]
[Round "4"]
[White "jcmesafischer"]
[Black "aistrel"]
[Result "0-1"]
[WhiteElo "2370"]
[BlackElo "2533"]
[TimeControl "180+1"]
[EndTime "14:35:19 PST"]
[Termination "aistrel won by resignation"]

1. e4 c6 2. Nf3 d5 3. Nc3 dxe4 4.
Nxe4 Nf6 5. Qe2 Nxe4 6. Qxe4 Qd5 7. Qh4 Qe6+ 8. Be2 Qg6 9. O-O Qxc2 10. Bc4 Qf5 11. Re1 Nd7 12. Ng5 Ne5 13. Bb3 f6 14. Ne4 e6 15. d4 Nd3 16. Ng3 Qxf2+ 0-1

[Event "Late-Titled-Tuesday-Blitz-February-20-2024"]
[Site "Chess.com"]
[Date "2024.02.20"]
[Round "4"]
[White "ybothg"]
[Black "only_strong_moves"]
[Result "0-1"]
[WhiteElo "2515"]
[BlackElo "2672"]
[TimeControl "180+1"]
[EndTime "14:35:20 PST"]
[Termination "only_strong_moves won by resignation"]

1. d4 Nf6 2. Bg5 d5 3. Bxf6 gxf6 4. e3 c5 5. c4 cxd4 6. Qxd4 dxc4 7. Qxd8+ Kxd8 8.
Bxc4 e6 9. Nc3 Bb4 10. O-O-O+ Ke7 11. Kc2 Nd7 12. Nf3 Nb6 13. Kb3 Bxc3 14. Kxc3 Bd7 15. Bb3 Rac8+ 16. Kb4 Bc6 17. Ne1 Rhg8 18. f3 Rg5 19. a4 Bxa4 20. Bxa4 Rc4+ 21. Kb3 Rxa4 22. Rf1 Rc4 23. Rf2 Rb5+ 24. Ka2 Nd5 25. e4 Ra4+ 26. Kb1 Nc3+ 27. Kc2 Nxd1 28. Kxd1 Ra1+ 29. Kd2 Rxb2+ 30.
Nc2 Rxc2+ 0-1

[Event "Late-Titled-Tuesday-Blitz-February-20-2024"]
[Site "Chess.com"]
[Date "2024.02.20"]
[Round "4"]
[White "Fore_Man"]
[Black "SHIVACalypso"]
[Result "0-1"]
[WhiteElo "2350"]
[BlackElo "2500"]
[TimeControl "180+1"]
[EndTime "14:35:23 PST"]
[Termination "SHIVACalypso won by resignation"]

1. Nf3 Nf6 2. d4 d5 3. c4 c6 4.
e3 e6 5. Nc3 Nbd7 6. Bd3 Be7 7.
O-O O-O 8. b3 b6 9. Bb2 Bb7 10.
Rc1 a5 11. Re1 Re8 12. e4 dxe4 13. Nxe4 Nxe4 14. Bxe4 Nf6 15. Bb1 a4 16. Ne5 Bb4 17. Rf1 axb3 18. axb3 Ba3 19. Bxa3 Rxa3 20. Bc2 Qd6 21.
Ng4 Qf4 22. Nxf6+ Qxf6 23. Qd3 g6 24. Ra1 Rxa1 25. Rxa1 Rd8 26. Rd1 c5 27. d5 exd5 28. cxd5 Rxd5 29. Qe2 Re5 30. Qb5 Rg5 31. Qe8+ Kg7 32.
Be4 Re5 33. Qxe5 Qxe5 34. Bxb7 Qe2 35. Rf1 Qd3 0-1

[Event "Late-Titled-Tuesday-Blitz-February-20-2024"]
[Site "Chess.com"]
[Date "2024.02.20"]
[Round "4"]
[White "MKlose11"]
[Black "Tugrik1969"]
[Result "1-0"]
[WhiteElo "2614"]
[BlackElo "2379"]
[TimeControl "180+1"]
[EndTime "14:35:25 PST"]
[Termination "MKlose11 won by resignation"]

1. e4 e5 2. Nf3 Nc6 3. d4 exd4 4. Bc4 Nf6 5. O-O Nxe4 6. Re1 d5 7. Bxd5 Qxd5 8. Nc3 Qa5 9. Nxe4 Be6 10. Neg5 O-O-O 11. Nxe6 fxe6 12. Rxe6 Be7 13. Qe2 Bf6 14. Bd2 Qf5 15.
Qe4 Qxe4 16. Rxe4 Rhe8 17. Rae1 Rxe4 18. Rxe4 Rd5 19. Kf1 Rb5 20. b3 Rc5 21. Ne1 Kd7 22. Ke2 Ne7 23. Kd1 Nd5 24. Nd3 Rc6 25. h4 Ra6 26. a4 Re6 27. Nc5+ 1-0

[Event "Late-Titled-Tuesday-Blitz-February-20-2024"]
[Site "Chess.com"]
[Date "2024.02.20"]
[Round "4"]
[White "thesupera12"]
[Black "Happy1712Drummer"]
[Result "1-0"]
[WhiteElo "2496"]
[BlackElo "2348"]
[TimeControl "180+1"]
[EndTime "14:35:33 PST"]
[Termination "thesupera12 won by resignation"]

1. d4 e6 2. Nf3 Nf6 3. g3 c5 4. Bg2 cxd4 5. O-O Nc6 6. Nxd4 Bc5 7. Nb3 Bb6 8. c4 d5 9. cxd5 exd5 10. Bg5 d4 11.
N1d2 h6 12. Bxf6 Qxf6 13. Nc4 O-O 14. Nxb6 axb6 15. Bxc6 bxc6 16. Qxd4 Qe7 17. Qxb6 Qxe2 18. Nd4 Qe4 19. Rfe1 Qd5 20. Nxc6 Qh5 21. Ne7+ Kh8 22. Nxc8 Rfxc8 23. a4 Rc2 24. a5 Qf3 25. a6 Kh7 26. a7 Rac8 27. Qe3 1-0

[Event "Late-Titled-Tuesday-Blitz-February-20-2024"]
[Site "Chess.com"]
[Date "2024.02.20"]
[Round "4"]
[White "Korchmar_Vasiliy"]
[Black "gmtalentoso"]
[Result "1-0"]
[WhiteElo "2758"]
[BlackElo "2475"]
[TimeControl "180+1"]
[EndTime "14:35:35 PST"]
[Termination "Korchmar_Vasiliy won by resignation"]

1. Nf3 Nf6 2. c4 e6 3. g3 d5 4. Bg2 Be7 5. O-O O-O 6. b3 c6 7. Bb2 Nbd7 8. d4 b6 9. Nc3 Bb7 10. Nd2 c5 11. e3 Rc8 12. Rc1 Qc7 13. cxd5 Nxd5 14. Nxd5 Bxd5 15. e4 Bb7 16. dxc5 bxc5 17. Nc4 Nb6 18. Qg4 g6 19. Be5 Qc6 20. Na5 Qb5 21.
Nxb7 c4 22. Bd6 Qd7 23. Bxe7 Qxe7 24. e5 Nd5 25. Nd6 1-0

[Event "Late-Titled-Tuesday-Blitz-February-20-2024"]
[Site "Chess.com"]
[Date "2024.02.20"]
[Round "4"]
[White "CarlosjPineror"]
[Black "mjelcic"]
[Result "1-0"]
[WhiteElo "2570"]
[BlackElo "2240"]
[TimeControl "180+1"]
[EndTime "14:35:57 PST"]
[Termination "CarlosjPineror won by resignation"]

1. e4 g6 2. d4 Bg7 3. Nc3 d6 4. Be3 Nd7 5. f3 a6 6. Qd2 b5 7. O-O-O Bb7 8. Kb1 Nb6 9. h4 h5 10. Nh3 Nf6 11. Ng5 b4 12. Ne2 Nc4 13.
Qc1 Nxe3 14. Qxe3 a5 15. Nf4 Qd7 16. Bc4 O-O 17. Nxg6 d5 18. Nxf8 Rxf8 19. exd5 Nxd5 20. Qd3 f5 21. Rhe1 Rf6 22. Re5 e6 23. Rde1 Nf4 24. Qb3 Bd5 25. Bxd5 exd5 26. g3 a4 27. Qxb4 Bf8 28.
Qa5 Ng2 29. R1e2 Rb6 30. Qxd5+ Qxd5 31. Rxd5 Ba3 32. b3 axb3 33. axb3 1-0

[Event "Late-Titled-Tuesday-Blitz-February-20-2024"]
[Site "Chess.com"]
[Date "2024.02.20"]
[Round "4"]
[White "cmunda"]
[Black "DraningWaterHi"]
[Result "1/2-1/2"]
[WhiteElo "2134"]
[BlackElo "2250"]
[TimeControl "180+1"]
[EndTime "14:35:59 PST"]
[Termination "Game drawn by repetition"]

1. e4 e5 2. Nf3 Nc6 3. Nc3 Nf6 4. d4 exd4 5. Nxd4 Bb4 6. Nxc6 bxc6 7. Bd3 d5 8. exd5 cxd5 9. O-O O-O 10. Bg5 c6 11. Qf3 h6 12. Bxf6 Qxf6 13. Qxf6 gxf6 14. Ne2 Bd6 15. Ng3 Be6 16. c3 Rab8 17. b3 a5 18. Nh5 Be5 19. Rac1 f5 20. f4 Bd6 21. Ng3 Bc5+ 22.
Kh1 a4 23. b4 Be3 24. Rc2 c5 25. a3 cxb4 26. cxb4 Rfc8 27. Re2 d4 28. Bxf5 Rc3 29.
Bxe6 fxe6 30. f5 exf5 31. Nxf5 Rxa3 32. g4 Rxb4 33. Rc2 Rab3 34. Rc8+ Kh7 35. Rc7+ Kh8 36. Rc8+ Kh7 37. Rc7+ Kg8 38. Rc8+ Kh7 1/2-1/2

[Event "Late-Titled-Tuesday-Blitz-February-20-2024"]
[Site "Chess.com"]
[Date "2024.02.20"]
[Round "4"]
[White "WindWhistler11"]
[Black "Jadro9"]
[Result "0-1"]
[WhiteElo "2492"]
[BlackElo "2634"]
[TimeControl "180+1"]
[EndTime "14:36:05 PST"]
[Termination "Jadro9 won by resignation"]

1. c4 d6 2. Nc3 Nd7 3. e3 e5 4. g4 g6 5. Bg2 Bg7 6. b3 Ne7 7. Bb2 O-O 8. g5 f5 9. Nge2 f4 10. Be4 Nf5 11. Qc2 Qxg5 12. O-O-O Nc5 13. Rdg1 Qh4 14. Bd5+ Kh8 15. d4 fxe3 16. dxc5 exf2 17. Rg3 Bh6+ 18. Kb1 Ne3 19. Rxe3 Bxe3 20. Rf1 Bh3 21. Qd1 Bxf1 22. Qxf1 Bxc5 23. Ne4 c6 24. Nxc5 cxd5 25. Nxb7 Qe4+ 26. Kc1 Qxe2 0-1

[Event "Late-Titled-Tuesday-Blitz-February-20-2024"]
[Site "Chess.com"]
[Date "2024.02.20"]
[Round "4"]
[White "BilodeauA"]
[Black "Shtembuliak"]
[Result "1-0"]
[WhiteElo "3038"]
[BlackElo "2859"]
[TimeControl "180+1"]
[EndTime "14:36:06 PST"]
[Termination "BilodeauA won by checkmate"]

1. e4 d6 2. Bc4 Nf6 3. d3 c5 4. f4 Nc6 5. Nf3 Bg4 6. Nbd2 e6 7. h3 Bxf3 8. Nxf3 d5 9. exd5 exd5 10. Bb3 Be7 11. O-O O-O 12. c3 Re8 13. Bd2 c4 14. Bc2 Qb6+ 15. Kh2 cxd3 16. Bxd3 Ne4 17. Ng5 Bxg5 18. fxg5 Ne5 19. Bf4 Qxb2 20. Bxe5 Rxe5 21.
Rb1 Qxc3 22. Rxb7 Rf8 23. Qf3 Rxg5 24. Qxf7+ Rxf7 25. Rb8+ Rf8 26. Rfxf8# 1-0

[Event "Late-Titled-Tuesday-Blitz-February-20-2024"]
[Site "Chess.com"]
[Date "2024.02.20"]
[Round "4"]
[White "davigator"]
[Black "expii"]
[Result "1-0"]
[WhiteElo "2391"]
[BlackElo "2161"]
[TimeControl "180+1"]
[EndTime "14:36:20 PST"]
[Termination "davigator won on time"]

1. e4 c5 2. Nf3 d6 3. d4 cxd4 4.
Nxd4 Nf6 5. Nc3 g6 6. Be3 Bg7 7.
f3 O-O 8. Qd2 Nc6 9. O-O-O d5 10. Qe1 e5 11. Nb3 d4 12. Bg5 Be6 13. Kb1 Qc7 14.
Nb5 Qb8 15. Nc5 Re8 16. Nxe6 Rxe6 17. Bc4 Re7 18. Qh4 Nxe4 19. fxe4 Rd7 20. Rhf1 a6 21.
Na3 Na5 22. Bd5 Ra7 23. Bf6 b5 24. Bxg7 Kxg7 25. Qf6+ Kg8 26. Rf3 b4 27. Nc4 Nxc4 28. Bxc4 a5 29. Rdf1 a4 30. h4 1-0

[Event "Late-Titled-Tuesday-Blitz-February-20-2024"]
[Site "Chess.com"]
[Date "2024.02.20"]
[Round "4"]
[White "MessiKingdom"]
[Black "Perecke"]
[Result "0-1"]
[WhiteElo "2605"]
[BlackElo "2493"]
[TimeControl "180+1"]
[EndTime "14:36:22 PST"]
[Termination "Perecke won by resignation"]

1. d4 Nf6 2. Bf4 d5 3. e3 c5 4. dxc5 Nc6 5. Bb5 Qa5+ 6. Nc3 e6 7. a3 Bd7 8. b4 Qd8 9. Nf3 Be7 10. Bxc6 bxc6 11.
O-O O-O 12. Ne5 Ne8 13. Ne2 f6 14. Nxd7 Qxd7 15. Bg3 e5 16. f4 e4 17. f5 Nc7 18.
Nd4 Nb5 19. Nxb5 cxb5 20. Qd4 Qc6 21. Rfd1 Rfd8 22. Qc3 a5 23. Rd4 a4 24. Rad1 Rd7 25. Qd2 Rad8 26. Bd6 Bxd6 27. Rxd5 Bxh2+ 28. Kxh2 Rxd5 0-1

[Event "Late-Titled-Tuesday-Blitz-February-20-2024"]
[Site "Chess.com"]
[Date "2024.02.20"]
[Round "4"]
[White "ElDivis"]
[Black "Zavgorodniy_Sergiy"]
[Result "0-1"]
[WhiteElo "2417"]
[BlackElo "2628"]
[TimeControl "180+1"]
[EndTime "14:36:32 PST"]
[Termination "Zavgorodniy_Sergiy won by resignation"]

1. e4 c6 2. Nf3 d5 3. e5 Bg4 4. Be2 e6 5. O-O Nd7 6. c4 Bxf3 7. Bxf3 Nxe5 8. cxd5 Nxf3+ 9. Qxf3 Qxd5 10. Qe2 Nf6 11.
Nc3 Qd7 12. d4 Be7 13. Be3 O-O 14. Rad1 Nd5 15. Ne4 Rfd8 16. Nc5 Qc7 17. Bc1 b6 18. Nd3 Bf6 19. Ne5 c5 20. Nf3 Rac8 21. a3 Qb7 22. dxc5 Rxc5 23. Bg5 Rdc8 24. Bxf6 Nxf6 25. Qd2 h6 26.
Rc1 Rxc1 27. Rxc1 Rxc1+ 28. Qxc1 Nd5 29. h3 Qc7 30. Qd1 Qc4 31. Ne5 Qe4 32. Nc6 Nf4 33.
Ne7+ Kh7 34. f3 Qe3+ 35. Kf1 Nd3 0-1

[Event "Late-Titled-Tuesday-Blitz-February-20-2024"]
[Site "Chess.com"]
[Date "2024.02.20"]
[Round "4"]
[White "ashookk"]
[Black "babero_gordo"]
[Result "0-1"]
[WhiteElo "2403"]
[BlackElo "2172"]
[TimeControl "180+1"]
[EndTime "14:36:35 PST"]
[Termination "babero_gordo won by resignation"]

1. Nf3 Nf6 2. c4 Nc6 3. d4 e6 4. a3 d5 5. Nc3 Be7 6. Bg5 O-O 7. e3 a6 8. Bd3 dxc4 9. Bxc4 h6 10. Bh4 b5 11. Bd3 Bb7 12. O-O Nd5 13. Bxe7 Qxe7 14. Ne4 e5 15. Nc5 Bc8 16. Qc2 Bg4 17. Nxe5 Nxe5 18.
dxe5 Qxe5 19. Rad1 Bxd1 20. Rxd1 Rad8 21. Re1 Qf6 22.
Bf5 Nb6 23. Bd3 Na4 0-1

[Event "Late-Titled-Tuesday-Blitz-February-20-2024"]
[Site "Chess.com"]
[Date "2024.02.20"]
[Round "4"]
[White "DrVelja"]
[Black "rezamahdavi2008"]
[Result "0-1"]
[WhiteElo "2970"]
[BlackElo "2846"]
[TimeControl "180+1"]
[EndTime "14:36:36 PST"]
[Termination "rezamahdavi2008 won by resignation"]

1. e4 c5 2. Nf3 d6 3. Nc3 a6 4. h3 Nf6 5. g4 Nc6 6. g5 Nd7 7. d4 cxd4 8. Nxd4 g6 9. Be3 Bg7 10. h4 Nde5 11. Be2 O-O 12. f4 Nxd4 13. Bxd4 Nc6 14. Bxg7 Kxg7 15. Qd2 Qb6 16. O-O-O Be6 17.
h5 Rac8 18. hxg6 fxg6 19. f5 Bg8 20. fxg6 hxg6 21. Qd3 Be6 22. Rdf1 Ne5 23. Qg3 Rxf1+ 24. Rxf1 Rf8 25. Rxf8 Kxf8 26. b3 Qd4 27. a4 Kg7 28.
Kb2 Nd7 29. Qd3 Qe5 30. Qe3 Nc5 31.
Kc1 Bf7 32. Bg4 Be6 33. Be2 Bd7 34. Bc4 Bc6 35. Bd5 Bxd5 36. Nxd5 Nxe4 37. c3 Qxd5 0-1

[Event "Late-Titled-Tuesday-Blitz-February-20-2024"]
[Site "Chess.com"]
[Date "2024.02.20"]
[Round "4"]
[White "manitodeplomo"]
[Black "Slovineanu"]
[Result "1/2-1/2"]
[WhiteElo "2647"]
[BlackElo "2438"]
[TimeControl "180+1"]
[EndTime "14:36:36 PST"]
[Termination "Game drawn by repetition"]

1. d4 Nf6 2. c4 e6 3. Nf3 d5 4. Nc3 c5 5. Bg5 cxd4 6. Qxd4 Nc6 7. Bxf6 Nxd4 8. Bxd8 Nxf3+ 9. gxf3 Kxd8 10. cxd5 Bb4 11.
O-O-O Ke7 12. e4 Rd8 13. Bc4 Bxc3 14. bxc3 exd5 15. Bxd5 Be6 16. c4 Rac8 17. Kd2 b5 18.
Ke3 bxc4 19. Bxe6 Kxe6 20. Rxd8 Rxd8 21. Rc1 Rd3+ 22. Ke2 Ra3 23. Rxc4 Rxa2+ 24. Ke3 g5 25. Rc6+ Ke5 26. Rc5+ Kf6 27. Rc6+ Ke5 28. Rc5+ Kf6 29.
Rc6+ Ke5 1/2-1/2

[Event "Late-Titled-Tuesday-Blitz-February-20-2024"]
[Site "Chess.com"]
[Date "2024.02.20"]
[Round "4"]
[White "Kiborg95"]
[Black "steepedgames"]
[Result "1-0"]
[WhiteElo "2822"]
[BlackElo "2558"]
[TimeControl "180+1"]
[EndTime "14:36:38 PST"]
[Termination "Kiborg95 won by resignation"]

1. e4 e6 2. d3 d5 3. Nd2 Nf6 4.
e5 Nfd7 5. f4 c5 6. Ndf3 Nc6 7.
Nh3 b5 8. g3 Bb7 9. Bg2 Qb6 10.
O-O h6 11. c3 O-O-O 12. Qe2 Kb8 13. Bd2 a5 14. f5 exf5 15. Nf4 d4 16. e6 fxe6 17.
Ng6 Rg8 18. Qxe6 Ne7 19. Qxb6 Nxb6 20. Bf4+ Ka7 21. Nxf8 Rgxf8 22. cxd4 cxd4 23. Rfe1 Ng6 24. Bc7 Rc8 25. Rac1 Rf7 26. Bxb6+ Kxb6 27. Re6+ Ka7 28. Rxc8 Bxc8 29. Rxg6 Rc7 30. Nxd4 Rc1+ 31. Kf2 1-0

[Event "Late-Titled-Tuesday-Blitz-February-20-2024"]
[Site "Chess.com"]
[Date "2024.02.20"]
[Round "4"]
[White "Sicupira"]
[Black "Atousa"]
[Result "0-1"]
[WhiteElo "2292"]
[BlackElo "2465"]
[TimeControl "180+1"]
[EndTime "14:36:45 PST"]
[Termination "Atousa won by resignation"]

1. e4 c5 2. Nf3 e6 3. d4 cxd4 4. Nxd4 a6 5. Bd3 Bc5 6. Nb3 Be7 7. Qg4 g6 8. Qd1 d6 9. O-O Nc6 10. a4 Qc7 11. a5 Ne5 12. Na3 Nf6 13. Bh6 Nfg4 14.
Bd2 O-O 15. h3 Nxd3 16. cxd3 Nf6 17. Rc1 Qd8 18. Nc4 Bd7 19. Nb6 Rb8 20. Nd4 e5 21. Nf3 Bb5 22. Bh6 Re8 23. Qd2 d5 24. exd5 Nxd5 25.
Nxe5 Bb4 26. Qe2 Nxb6 27. axb6 Bd6 28. f4 f6 29. Qg4 fxe5 30. fxe5 Bxe5 31. d4 Qxd4+ 0-1

[Event "Late-Titled-Tuesday-Blitz-February-20-2024"]
[Site "Chess.com"]
[Date "2024.02.20"]
[Round "4"]
[White "AlexTruskavetsky"]
[Black "HalfIsCrayfish"]
[Result "1-0"]
[WhiteElo "2716"]
[BlackElo "2530"]
[TimeControl "180+1"]
[EndTime "14:36:46 PST"]
[Termination "AlexTruskavetsky won on time"]

1. d4 Nf6 2. c4 g6 3. Nc3 d5 4.
cxd5 Nxd5 5. e4 Nxc3 6. bxc3 Bg7 7. Nf3 c5 8. Be2 O-O 9. O-O Nc6 10. Be3 cxd4 11.
cxd4 Bg4 12. d5 Ne5 13. Nxe5 Bxe2 14. Qxe2 Bxe5 15. Rab1 Qd7 16. Rfd1 Bg7 17. f4 b6 18.
e5 f6 19. d6 fxe5 20. fxe5 exd6 21. exd6 Rae8 22. Qc4+ Qf7 23. Qd3 Qf5 24. Qd2 Qd7 25.
Bg5 Re6 26. Be7 Re8 27. Qd5 Kh8 28. Rbc1 Rf6 29. Bxf6 Bxf6 30. Qc6 Qe6 31. d7 Bd4+ 32. Kh1 1-0

[Event "Late-Titled-Tuesday-Blitz-February-20-2024"]
[Site "Chess.com"]
[Date "2024.02.20"]
[Round "4"]
[White "BebeBonito2022"]
[Black "pfalcon1949"]
[Result "1-0"]
[WhiteElo "2310"]
[BlackElo "1998"]
[TimeControl "180+1"]
[EndTime "14:36:48 PST"]
[Termination "BebeBonito2022 won by checkmate"]

1. d4 Nf6 2. c4 c5 3. d5 b5 4. Nf3 bxc4 5. Nc3 e6 6. e4 d6 7.
Bxc4 exd5 8. Nxd5 Nbd7 9. O-O Bb7 10. Re1 Nxd5 11. exd5+ Be7 12. Qe2 Nb6 13. b3 Nxc4 14. bxc4 Kf8 15. Bb2 Bf6 16. Rab1 Ba6 17. Qc2 g6 18. Qa4 Bc8 19. Bxf6 Qxf6 20. Qc6 Bf5 21.
Qxa8+ Kg7 22. Rb8 Qc3 23. Rxh8 Bg4 24. Qg8+ Kf6 25. Qd8+ Kg7 26. Rg8+ Kh6 27. Qg5# 1-0

[Event "Late-Titled-Tuesday-Blitz-February-20-2024"]
[Site "Chess.com"]
[Date "2024.02.20"]
[Round "4"]
[White "Pelusiansky"]
[Black "Shankland"]
[Result "0-1"]
[WhiteElo "2562"]
[BlackElo "2940"]
[TimeControl "180+1"]
[EndTime "14:36:49 PST"]
[Termination "Shankland won by resignation"]

1. d4 d5 2. c4 c6 3. Nc3 Nf6 4.
Nf3 e6 5. Bg5 Nbd7 6. e3 Qa5 7.
Qc2 Ne4 8. h4 Bb4 9. Rc1 Qxa2 10. Bd3 Nxc3 11. bxc3 Qxc2 12. Rxc2 Be7 13. Bf4 b6 14.
cxd5 exd5 15. e4 O-O 16. O-O Nf6 17. e5 Ne4 18. c4 Be6 19. Re1 a5 20. cxd5 cxd5 21.
Rb2 Bb4 22. Reb1 Rfc8 23. Nd2 Nc3 24. Ra1 b5 25. Nb3 a4 26. Nc5 Bxc5 27. dxc5 Rxc5 28. Be3 Rcc8 29. Bd4 a3 30. Rb3 a2 31. Bxc3 d4 32.
Rxb5 Rxc3 33. Bc2 Rxc2 0-1

[Event "Late-Titled-Tuesday-Blitz-February-20-2024"]
[Site "Chess.com"]
[Date "2024.02.20"]
[Round "4"]
[White "reevecanada"]
[Black "kylelancman"]
[Result "1-0"]
[WhiteElo "2625"]
[BlackElo "2483"]
[TimeControl "180+1"]
[EndTime "14:36:50 PST"]
[Termination "reevecanada won by resignation"]

1. e4 c5 2. Nf3 g6 3. d4 cxd4 4.
Qxd4 Nf6 5. e5 Nc6 6. Qa4 Nd5 7. c4 Nc7 8. Nc3 Bg7 9. Bf4 Ne6 10. Bg3 O-O 11.
O-O-O Qa5 12. Qxa5 Nxa5 13. Nd5 Nc6 14. b4 Re8 15. b5 Na5 16. h4 b6 17. h5 Bb7 18.
Ne3 Rac8 19. Rxd7 Nc5 20. Rd1 Ne4 21. hxg6 hxg6 22. Bd3 Nxg3 23. fxg3 Bxf3 24. gxf3 Bxe5 25. Kb1 Bd4 26. Nd5 Nxc4 27. Bxc4 Rxc4 28. Rh4 Rc5 29. Rhxd4 Rxb5+ 30. Ka1 Kg7 31. Nc7 1-0

[Event "Late-Titled-Tuesday-Blitz-February-20-2024"]
[Site "Chess.com"]
[Date "2024.02.20"]
[Round "4"]
[White "cukricek"]
[Black "Iuckyducky"]
[Result "0-1"]
[WhiteElo "2453"]
[BlackElo "2316"]
[TimeControl "180+1"]
[EndTime "14:36:50 PST"]
[Termination "Iuckyducky won by resignation"]

1. g3 d5 2. Nf3 Nf6 3. Bg2 e6 4. O-O Nc6 5. d4 Be7 6. c4 O-O 7. Nc3 dxc4 8. e3 Rb8 9. a4 Na5 10. Nd2 c6 11. Nde4 Nd5 12. Bd2 Nb3 13. Rb1 Nxd2 14.
Nxd2 b5 15. Qc2 Nb4 16. Qe4 Bb7 17. Qg4 a6 18. b3 cxb3 19. Nxb3 Nd5 20. Ne4 f5 21. Qh3 fxe4 22. Qxe6+ Kh8 23. Bxe4 Nc3 24. Rbc1 Nxe4 25. Qxe4 c5 26. Qg4 Qd5 0-1

[Event "Late-Titled-Tuesday-Blitz-February-20-2024"]
[Site "Chess.com"]
[Date "2024.02.20"]
[Round "4"]
[White "Road2GM3000"]
[Black "igorknyazev"]
[Result "0-1"]
[WhiteElo "2453"]
[BlackElo "2207"]
[TimeControl "180+1"]
[EndTime "14:36:50 PST"]
[Termination "igorknyazev won by resignation"]

1. d4 Nf6 2. c4 c5 3. d5 b5 4. Qc2 bxc4 5. e4 g6 6. Bxc4 Ba6 7. Nd2 Bg7 8. Ngf3 O-O 9. O-O Ng4 10. Rb1 d6 11. b3 Qa5 12. Bb2 Bh6 13. h3 Nf6 14.
e5 dxe5 15. Bxe5 Nbd7 16. Bc3 Qb6 17. Ne4 Bb7 18. g4 Nxd5 19. Bxd5 Bxd5 20. Rbd1 Qc6 21. Rxd5 Qxd5 22. Rd1 Qc6 23. Ba1 Rad8 24. Qc3 Nf6 25. g5 Rxd1+ 26. Kg2 Qxe4 27. gxf6 Rd3 28. fxe7 Qxf3+ 0-1

[Event "Late-Titled-Tuesday-Blitz-February-20-2024"]
[Site "Chess.com"]
[Date "2024.02.20"]
[Round "4"]
[White "LiemLe"]
[Black "MarcoRiehle"]
[Result "1-0"]
[WhiteElo "3033"]
[BlackElo "2857"]
[TimeControl "180+1"]
[EndTime "14:36:56 PST"]
[Termination "LiemLe won by resignation"]

1. Nf3 c5 2. c4 Nf6 3. Nc3 d5 4. cxd5 Nxd5 5. e4 Nxc3 6. dxc3 Qxd1+ 7. Kxd1 Nc6 8. Be3 b6 9. Kc2 Bd7 10. Ba6 e5 11. Rhd1 f6 12. Nd2 Bd6 13. Nc4 Bc7 14.
Rd2 Rd8 15. Rad1 Be6 16. Bb5 Rxd2+ 17. Rxd2 Bd7 18. a4 Ke7 19. f3 Rd8 20. Bf2 Be8 21.
Re2 Bf7 22. Nxb6 axb6 23. Bxc6 Bc4 24. Rd2 Bb3+ 25. Kc1 Rxd2 26. Kxd2 Bc4 27. Bb5 Bxb5 28.
axb5 Kd6 29. Kd3 Kd7 30. Kc4 Bd6 31. b4 cxb4 32. Bxb6 bxc3 33. Kxc3 Be7 34. Kc4 Ke6 35. Bc5 Bd8 36. b6 f5 37. b7 Bc7 38. Ba7 fxe4 39.
fxe4 1-0

[Event "Late-Titled-Tuesday-Blitz-February-20-2024"]
[Site "Chess.com"]
[Date "2024.02.20"]
[Round "4"]
[White "K_A_S_T_O_R"]
[Black "ATM622"]
[Result "1-0"]
[WhiteElo "2789"]
[BlackElo "2481"]
[TimeControl "180+1"]
[EndTime "14:36:57 PST"]
[Termination "K_A_S_T_O_R won on time"]

1. e4 c6 2. d4 g6 3. c4 Bg7 4. Be2 d5 5. cxd5 cxd5 6. e5 Nc6 7. Nc3 e6 8. Nf3 Nge7 9. h4 h5 10. Bd3 a6 11. O-O Nf5 12. Bg5 Qa5 13. Bxf5 gxf5 14. Qd2 Bd7 15. Rac1 b5 16. b3 Rc8 17. Bf6 Bh6 18. Bg5 Bg7 19. Qe3 Qb4 20. Rfd1 Qf8 21. Ne2 Bh6 22. Nf4 Bxg5 23. Nxg5 Qe7 24. Rc5 Nd8 25. Rdc1 Rxc5 26. Rxc5 Bc6 27. Qe2 f6 28. exf6 Qxf6 29. Ngxe6 Nxe6 30. Rxc6 Rh6 31. Rxe6+ Qxe6 32. Nxe6 1-0

[Event "Late-Titled-Tuesday-Blitz-February-20-2024"]
[Site "Chess.com"]
[Date "2024.02.20"]
[Round "4"]
[White "toninhojit"]
[Black "ritanovikova"]
[Result "0-1"]
[WhiteElo "2454"]
[BlackElo "2209"]
[TimeControl "180+1"]
[EndTime "14:36:57 PST"]
[Termination "ritanovikova won by resignation"]

1. e4 d5 2. d4 dxe4 3. f3 exf3 4.
Nxf3 Nf6 5. Bc4 Bf5 6. Ne5 e6 7.
O-O Nbd7 8. Nxf7 Kxf7 9. Rxf5 Nb6 10. Bb3 a5 11. Rf1 a4 12. Qh5+ g6 13. Bxe6+ Kxe6 14. Qe5+ Kf7 15. Bg5 Bg7 16. Nc3 Re8 17. Qf4 Qd6 18.
Qh4 h6 19. Bxf6 Bxf6 20. Qxh6 Qxd4+ 21. Kh1 Rh8 22. Qc1 Qe5 23. Rf4 g5 24. Rxf6+ Kxf6 25. g3 Qxg3 26. Qf1+ Qf4 27. Qg2 Kg6 28. Rf1 Rxh2+ 29.
Kg1 Rxg2+ 0-1

[Event "Late-Titled-Tuesday-Blitz-February-20-2024"]
[Site "Chess.com"]
[Date "2024.02.20"]
[Round "4"]
[White "elchacal664"]
[Black "sharkarton"]
[Result "1-0"]
[WhiteElo "2371"]
[BlackElo "2497"]
[TimeControl "180+1"]
[EndTime "14:37:00 PST"]
[Termination "elchacal664 won by resignation"]

1. c4 c5 2. Nc3 g6 3. g3 Bg7 4.
Bg2 Nc6 5. Nf3 d6 6. O-O Bf5 7.
Nh4 Bd7 8. Rb1 Qc8 9. Re1 Nf6 10.
e4 O-O 11. Nd5 e6 12. Nc3 a6 13. d3 Rb8 14. a4 Nd4 15. Nf3 b5 16. axb5 axb5 17.
Nxd4 cxd4 18. Nxb5 Bxb5 19. cxb5 Rxb5 20. f4 Nd7 21.
Qa4 Qb8 22. f5 Nc5 23. Qc4 Rb4 24. Qc2 Rb3 25. Bf1 Rc8 26. fxe6 fxe6 27. Qd1 Qb5 28.
Qg4 Qd7 29. Rd1 e5 30. Qxd7 Nxd7 31. Bh3 Rb7 32. Be6+ Kf8 33. Bg5 Rc2 34. Rf1+ Nf6 35. Bxf6 Bxf6 36. Rxf6+ Ke7 37. Rf7+ 1-0